 Dungeon Crawl Stone Soup version 0.27-a0-1281-ge233d83751 (webtiles) character file.

Game seed: 4376856652380760900

1 rabbitsville the Skirmisher (level 1, 19/19 HPs)
             Began as a Draconian Fighter on June 13, 2021.
             Quit the game on level 1 of the Dungeon.
             The game lasted 00:03:23 (188 turns).

rabbitsville the Skirmisher (Draconian Fighter)      Turns: 188, Time: 00:03:24

Health: 19/19      AC:  4    Str: 18    XL:     1   Next: 16%
Magic:  1/1        EV: 10    Int:  8    God:
Gold:   16         SH:  8    Dex: 10    Spells: 0/0 levels left

rFire    . . .     SeeInvis .   a - +0 war axe
rCold    . . .     Faith    .   b - +0 kite shield
rNeg     . . .     Spirit   .   (armour unavailable)
rPois    .         Reflect  .   (helmet restricted)
rElec    .         Harm     .   (no cloak)
rCorr    .         Rampage  .   (no gloves)
Will     .....                  (no boots)
Stlth    +.........             (no amulet)
HPRegen  0.06/turn              (no ring)
MPRegen  0.07/turn              (no ring)

@: no status effects
A: AC +4, unfitting armour, cold-blooded
a: no special abilities


You were on level 1 of the Dungeon.
You visited 1 branch of the dungeon, and saw 1 of its levels.

You collected 16 gold pieces.

Inventory:

Hand Weapons
 a - a +0 war axe (weapon)
Armour
 b - a +0 kite shield (worn)
Scrolls
 d - a scroll of vulnerability {unknown}
 e - a scroll of holy word {unknown}
Potions
 c - a potion of might


   Skills:
 - Level 3.2 Fighting
 * Level 2.0 Axes
 - Level 2.6 Dodging
 + Level 3.0 Shields


You couldn't memorise any spells.
You didn't know any spells.
Your spell library was empty.

Dungeon Overview and Level Annotations

Branches:
Dungeon (1/15)

Altars:


Innate Abilities, Weirdness & Mutations

Your plain brown scales are hard. (AC +4)
You cannot fit into any form of body armour.
You are cold-blooded and may be slowed by cold attacks.


Message History

You drop a +0 helmet.
As you open the door, it creaks loudly!
There is an open door here.
You open the door. You open the door.
There is an open door here.
You open the door.
There is an open door here.
Found a stone staircase leading down.
There is a stone staircase leading down here.
Found a scroll labelled ALUTAH ZYZEA.
d - a scroll labelled ALUTAH ZYZEA
Found 6 gold pieces.
You now have 6 gold pieces.
Found a scroll labelled SOIFOE VOGAOZ.
A frilled lizard comes into view.
You see here a scroll labelled SOIFOE VOGAOZ.
e - a scroll labelled SOIFOE VOGAOZ The frilled lizard hisses angrily.
You hit the frilled lizard but do no damage.
The frilled lizard misses you.
You hit the frilled lizard.
You kill the frilled lizard!
Found 16 stones.
Found 10 gold pieces.
A frilled lizard comes into view.
The frilled lizard hisses angrily.
You see here 10 gold pieces.
You hit the frilled lizard.
You kill the frilled lizard!
You now have 16 gold pieces (gained 10).
You see here a frilled lizard corpse.
Found an escape hatch in the floor.
Save game and exit?
Welcome back, rabbitsville the Draconian Fighter.
Press ? for a list of commands and other information.
Setting a skill training target for Shields at 15.0.
Welcome back, rabbitsville the Draconian Fighter.
Press ? for a list of commands and other information.
Are you sure you want to abandon this character and quit the game? (Confirm with "yes".)

# ###########
..........#
#########.# #
#.######## #####
##.##.....#
....####..##.....##
..................#
........†..#....@.#
###.####.#.#......#
# #.# #.#.###>##.#
# #.# #.#.# #.##.#
# ... ..#.# #.##.#
..# #.#.# #.##.#
#..# #.#.# #....#
#..# #.# #. ###


There were no monsters in sight!

Vanquished Creatures
  2 frilled lizards (D:1)
2 creatures vanquished.

Notes
Turn   | Place    | Note
-------+----------+-------------------------------------------
     0 | D:1      | rabbitsville the Draconian Fighter began the quest for the
                  | Orb.
     0 | D:1      | Reached XP level 1. HP: 19/19 MP: 1/1
   188 | D:1      | Quit the game

Illustrated notes

Levels and vault maps discovered:
D:1:      minmay_arrival_stair_chambers, layout_loops_ring

Action                   || total
-------------------------++-------
Melee: War axe           ||     3
Dodge: Dodged            ||     1

Table legend: (Time is in decaauts)
 A = Elapsed time spent in this place.
 B = Non-inter-level travel time spent in this place.
 C = Inter-level travel time spent in this place.
 D = Time resting spent in this place.
 E = Time spent auto-exploring this place.
 F = Levels seen in this place.
 G = Mean time per level.
                   A        B        C        D        E       F      G
               +--------+--------+--------+--------+--------+-----+--------+
         Total |    189 |    189 |      0 |      0 |      0 |   1 |  189.0 |
       Dungeon |    189 |    189 |      0 |      0 |      0 |   1 |  189.0 |
               +--------+--------+--------+--------+--------+-----+--------+

Top non-repeatable levels by time:
     D:1: 189 daAuts
